 Dungeon Crawl Stone Soup version 0.19-a0-1773-gaa448fe (webtiles) character file.

5331 severens the Magician (level 10, -5/60 HPs)
             Began as an Octopode Wizard on Oct 21, 2016.
             Was a Priest of Wudzu.
             Shot with an arrow by a centaur (10 damage)
             ... on level 11 of the Dungeon on Oct 22, 2016.
             The game lasted 01:28:37 (12884 turns).

severens the Magician (Octopode Wizard)            Turns: 12884, Time: 01:28:38

Health: -5/60      AC:  6    Str:  6    XL:     10   Next: 64%
Magic:  13/21      EV: 15    Int: 26    God:    Wudzu [***...]
Gold:   188        SH:  0    Dex: 15    Spells: 4 memorised, 15 levels left

rFire  . . .     SeeInvis .     L - +6 trident "Omuafog" {venom, Dex+4}
rCold  . . .     Gourm    .     (no shield)
rNeg   + . .     Faith    .     a - +0 hat
rPois  .         Spirit   .     w - amulet of rage
rElec  .         Dismiss  .     q - +2 ring of intelligence
rCorr  .         Reflect  .     E - ring of positive energy
MR     .....     Harm     .     H - ring of stealth
Stlth  +++++.....               (no ring)
                                (no ring)
                                (no ring)
                                (no ring)
                                (no ring)

@: about to teleport
A: almost no armour, stealthy swim, amphibious, 8 rings, constrict 8, camouflage
1, gelatinous body 1
a: Summon Vines, Renounce Religion, Evoke Berserk Rage


You were on level 11 of the Dungeon.
You worshipped Wudzu.
Wudzu was most pleased with you.
You were not hungry.

You visited 2 branches of the dungeon, and saw 12 of its levels.

You collected 533 gold pieces.
You spent 345 gold pieces at shops.

Inventory:

Hand Weapons
 j - a +0 hunting sling
 p - a +0 dagger
 t - a +1 flail of draining
 y - a +0 quarterstaff
 G - a +0 hand crossbow
 K - a +3 whip
 L - the +6 trident "Omuafog" (weapon) {venom, Dex+4}
   (You bought it in a shop on level 6 of the Dungeon)

   It poisons the flesh of those it strikes.
   It affects your dexterity (+4).
 N - a +2 whip of venom
 S - the +10 dark maul {crush}
   (You found it on level 9 of the Dungeon)

   It inflicts extra damage upon your enemies.
 V - a +1 dagger of electrocution
Missiles
 i - 374 stones
 x - 40 sling bullets
 O - a tomahawk of returning (quivered)
Armour
 a - a +0 hat (worn)
Jewellery
 q - a +2 ring of intelligence (left tentacle)
 w - an amulet of rage (around mantle)
 E - a ring of positive energy (right tentacle)
 H - a ring of stealth (on tentacle)
Wands
 B - a wand of acid (6/15)
 J - a wand of lightning (8/15)
 M - a wand of teleportation (0/9)
 X - a wand of digging (10/24)
Scrolls
 d - 5 scrolls of magic mapping {unknown}
 e - 4 scrolls of remove curse {unknown}
 g - 12 scrolls of identify {unknown}
 h - 3 scrolls of enchant weapon {unknown}
 k - 2 scrolls of enchant armour {unknown}
 n - a scroll of immolation {unknown}
 o - 2 scrolls of fear {unknown}
 s - a scroll of recharging {unknown}
 C - 2 scrolls of teleportation {unknown}
 F - 3 scrolls of random uselessness {unknown}
Potions
 l - a potion of magic {unknown}
 m - 3 potions of might {unknown}
 r - a potion of flight {unknown}
 u - 3 potions of haste {unknown}
 v - a potion of brilliance {unknown}
 z - 2 potions of cure mutation {unknown}
 A - 2 potions of agility
 D - 2 potions of mutation {unknown}
 I - 2 potions of lignification {unknown}
 P - 2 potions of invisibility {unknown}
 Q - 2 potions of heal wounds {unknown}
 R - a potion of curing {unknown}
 T - a potion of degeneration {unknown}
Books
 b - a book of Minor Magic

   Spells                             Type                      Level
   a - Magic Dart                     Conjuration                  1
   b - Blink                          Translocation                2
   c - Call Imp                       Summoning                    2
   d - Repel Missiles                 Charms/Air                   2
   e - Slow                           Hexes                        2
   f - Conjure Flame                  Conjuration/Fire             3
   g - Mephitic Cloud                 Conjuration/Poison/Air       3
 U - a book of Changes

   Spells                             Type                      Level
   a - Beastly Appendage              Transmutation                1
   b - Sticks to Snakes               Transmutation                2
   c - Spider Form                    Transmutation/Poison         3
   d - Ice Form                       Ice/Transmutation            4
   e - Blade Hands                    Transmutation                5
Comestibles
 c - 7 bread rations
 f - 5 meat rations
 W - 4 chunks of flesh


   Skills:
 + Level 2.1 Fighting
 + Level 4.3 Polearms
 + Level 3.0 Slings
 + Level 0.2(1.8) Throwing
 * Level 4.2 Dodging
 + Level 4.5 Stealth
 + Level 7.4 Spellcasting
 * Level 6.0 Conjurations
 + Level 6.0 Summonings
 * Level 5.2 Translocations
 * Level 3.8 Air Magic
 + Level 3.4 Poison Magic


You had 15 spell levels left.
You knew the following spells:

 Your Spells              Type           Power        Failure   Level  Hunger
a - Magic Dart            Conj           ####         1%          1    None
b - Call Imp              Summ           #####...     1%          2    None
c - Blink                 Tloc           N/A          1%          2    None
d - Mephitic Cloud        Conj/Pois/Air  ####....     3%          3    None


Dungeon Overview and Level Annotations

Branches:
Dungeon (11/15)            Temple (1/1) D:5
   Lair: D:8-11         Orc: D:9-12

Altars:
Ashenzari
Cheibriados
Dithmenos
Elyvilon
Fedhas
Gozag
Hepliaklqana
Kikubaaqudgha
Makhleb
Nemelex Xobeh
Okawaru
Qazlal
Ru
Sif Muna
Trog
Uskayaw
Vehumet Wudzu
Xom
Yredelemnul
Zin
The Shining One

Shops:
D:5 *   D:6 **(

Annotations:
D:5 Blork the orc
D:10 Harold


Innate Abilities, Weirdness & Mutations

You cannot wear most types of armour.
You are very stealthy in the water.
You are amphibious.
You can wear up to eight rings at the same time.
You can use your tentacles to constrict eight enemies at once.
Your skin changes colour to match your surroundings (Stealth+).
Your rubbery body absorbs attacks. (AC +1, EV +1)


Message History

You blink.
Floosh!
The yak bellows!
Your surroundings suddenly seem different.
Found 20 stones.
Found an escape hatch in the floor.
A centaur, a shadow imp and a zombie come into view.
Zapping:
M - a wand of teleportation {zapped: 2} (will waste charges)
Press: ? - help, Shift-Dir - straight line, f - you You feel strangely unstable.
Evoking this partially-identified wand wasted a few charges.
The shadow imp shouts, "Crawl home, thou twisted folly-fallen giglet!"
The centaur shouts!
The centaur wields a shortbow.
The centaur shoots an arrow.
The arrow misses you.
The wasp zombie is struck by your spines.
The wasp zombie completely misses you.
Casting: Blink
Confirm with . or Enter, or press ? or * to list all spells.
You blink.
The centaur shoots an arrow.
The arrow closely misses you.
The centaur shoots an arrow.
The arrow hits you!
You die...

#.≈........#
≈≈≈..≈≈5.###
5≈≈Y≈≈≈....#
..≈.≈≈≈....+
..≈≈.≈≈Z.>.#
..≈≈≈≈.....#
...≈≈≈...c.#
#..........#
#........@.#
###+.#######
.. #.#


You could see a yak, a centaur, an ufetubus and a wasp zombie.

Vanquished Creatures
  A troll (D:10)
  A two-headed ogre (D:10)
  A hippogriff (D:10)
  5 yaks (D:10)
  A hungry ghost (D:10)
  An ice beast (D:10)
  An orc warrior (D:10)
  3 ogres
  2 black bears
  2 sky beasts
  A centaur (D:10)
  2 crocodiles
  A big kobold (D:9)
  3 bullfrogs
  A wyvern zombie (D:10)
  A wyvern skeleton (D:10)
  5 killer bees (D:10)
  2 wights (D:10)
  A crimson imp (D:9)
  A centaur skeleton (D:8)
  A hound (D:8)
  3 jellies
  3 orc priests
  2 iguanas
  3 orc wizards
  4 worker ants
  A hound zombie (D:7)
  2 hound skeletons
  5 gnolls
  7 adders
  3 shadow imps
  3 adder skeletons
  An adder zombie (D:6)
  3 worms
  2 leopard geckos
  12 orcs
  6 giant cockroaches
  10 goblins
  4 hobgoblins
  4 jackals
  6 kobolds
  3 quokkas
  A ball python (D:2)
  2 bats (D:1)
  6 frilled lizards
  A jackal skeleton (D:10)
  A quokka zombie (D:8)
  3 rats
  A plant (D:2)
139 creatures vanquished.

Vanquished Creatures (collateral kills)
  3 hill giants (D:10)
  A two-headed ogre (D:7)
  A hungry ghost (D:7)
  The ghost of ktulu8bugs the Sneak, an amateur OpWn (D:4)
  An ogre (D:6)
  2 scorpions (D:4)
  2 wights (D:10)
  A quasit (D:6)
  A bullfrog zombie (D:6)
  A hound (D:4)
  2 jellies
  3 orc priests
  5 orc wizards
  Natasha (thrice) (D:3)
  2 worker ants
  Robin (D:3)
  3 gnolls (D:4)
  4 adders
  A worm (D:3)
  A leopard gecko (D:6)
  17 orcs
  3 goblins (D:3)
  7 jackals
  3 kobolds
  2 rats (D:3)
71 creatures vanquished.

Vanquished Creatures (others)
  An orc wizard (D:3)
1 creature vanquished.

Grand Total: 211 creatures vanquished

Notes
Turn   | Place    | Note
-------+----------+-------------------------------------------
     0 | D:1      | severens the Octopode Wizard began the quest for the Orb.
     0 | D:1      | Reached XP level 1. HP: 11/11 MP: 4/4
   563 | D:1      | Reached XP level 2. HP: 16/17 MP: 1/6
  1009 | D:2      | Learned a level 2 spell: Call Imp
  1114 | D:2      | Found a basalt altar of Yredelemnul.
  1190 | D:2      | Found a faded altar of an unknown god.
  1265 | D:2      | Found a sacrificial altar of Ru.
  1334 | D:2      | Reached XP level 3. HP: 21/21 MP: 5/8
  1358 | D:2      | Found a bloodstained altar of Trog.
  1579 | D:3      | Reached skill level 1 in Slings
  1579 | D:3      | Reached XP level 4. HP: 27/27 MP: 4/9
  1655 | D:3      | Learned a level 2 spell: Blink
  1880 | D:3      | Reached skill level 4 in Spellcasting
  2154 | D:3      | Noticed Natasha
  2165 | D:3      | Killed Natasha
  2428 | D:3      | Noticed Robin
  2429 | D:3      | Reached XP level 5. HP: 28/31 MP: 5/11
  2433 | D:3      | Killed Robin
  2440 | D:3      | Noticed Natasha
  2457 | D:3      | Killed Natasha
  3237 | D:3      | Noticed Natasha
  3257 | D:3      | Killed Natasha
  3410 | D:4      | Noticed ktulu8bugs's ghost (amateur OpWn)
  3441 | D:4      | Killed ktulu8bugs's ghost
  3441 | D:4      | Reached XP level 6. HP: 29/36 MP: 3/12
  3576 | D:4      | Found a white marble altar of Elyvilon.
  4453 | D:5      | Entered Level 5 of the Dungeon
  4511 | D:5      | Found an iron altar of Okawaru.
  4677 | D:5      | Found a sparkling altar of Nemelex Xobeh.
  4687 | D:5      | Noticed Blork the orc
  4725 | D:5      | Found an overgrown altar of Wudzu.
  4730 | D:5      | Noticed an ice beast
  4743 | D:5      | Noticed a phantom
  4748 | D:5      | Became a worshipper of Wudzu the Untamed
  4932 | D:5      | Found a staircase to the Ecumenical Temple.
  4941 | Temple   | Entered the Ecumenical Temple
  5198 | D:5      | Found Borghac's General Store.
  5596 | D:5      | Reached XP level 7. HP: 42/42 MP: 10/14
  5748 | D:6      | Found Esiown's Assorted Antiques.
  5799 | D:6      | Reached skill level 5 in Spellcasting
  5938 | D:6      | Found Zief's Assorted Antiques.
  5940 | D:6      | Found Toawav's Antique Weapon Shoppe.
  5942 | D:6      | Bought a runed tourmaline ring for 150 gold pieces
  6427 | D:6      | Found a burning altar of Makhleb.
  7315 | D:6      | Bought an ebony trident for 195 gold pieces
  7315 | D:6      | Identified the +6 trident "Omuafog" {venom, Dex+4} (You bought it in a shop on level 6 of the Dungeon)
  7401 | D:7      | Reached * piety under Wudzu
  7493 | D:7      | Found a sacrificial altar of Ru.
  7563 | D:7      | Reached skill level 1 in Fighting
  7727 | D:7      | Learned a level 3 spell: Mephitic Cloud
  7777 | D:7      | Noticed a hungry ghost
  7966 | D:7      | Reached XP level 8. HP: 48/48 MP: 11/16
  8077 | D:7      | Noticed a two-headed ogre
  8085 | D:7      | Killed a two-headed ogre
  8085 | D:7      | Reached skill level 1 in Poison Magic
  8138 | D:7      | Found a sacrificial altar of Ru.
  8167 | D:7      | Reached skill level 1 in Polearms
  8475 | D:8      | Found a radiant altar of Vehumet.
  9044 | D:8      | Found a snail-covered altar of Cheibriados.
  9222 | D:9      | Found an ancient bone altar of Kikubaaqudgha.
  9235 | D:9      | Noticed a troll
  9355 | D:9      | Found a glowing silver altar of Zin.
  9841 | D:9      | Reached XP level 9. HP: 53/53 MP: 10/17
  9925 | D:9      | Found a stormy altar of Qazlal.
 10055 | D:9      | Reached skill level 6 in Spellcasting
 10252 | D:9      | Reached ** piety under Wudzu
 10315 | D:10     | Entered Level 10 of the Dungeon
 10417 | D:10     | Noticed a two-headed ogre
 10428 | D:10     | Killed a two-headed ogre
 10590 | D:10     | Noticed a hill giant
 10610 | D:10     | Reached skill level 5 in Summonings
 10975 | D:10     | Noticed a hill giant
 10997 | D:10     | Killed a hill giant
 10997 | D:10     | Reached skill level 1 in Air Magic
 11258 | D:10     | Reached skill level 5 in Conjurations
 11324 | D:10     | Noticed a hill giant
 11354 | D:10     | Killed a hill giant
 11691 | D:10     | Killed a hill giant
 11691 | D:10     | Reached XP level 10. HP: 53/60 MP: 16/20
 11748 | D:10     | Reached skill level 7 in Spellcasting
 11748 | D:10     | Reached skill level 5 in Translocations
 12170 | D:10     | Found a hide-covered altar of Uskayaw.
 12512 | D:10     | Reached *** piety under Wudzu
 12712 | D:10     | Noticed Harold
 12875 | D:10     | HP: 3/60 [Harold/bolt of fire (23)]
 12879 | D:11     | Noticed a red ugly thing
 12884 | D:11     | Shot with an arrow by a centaur

Vault maps used:
D:1:      eino_arrival_cavern_b
D:2:      marbit_many_paths, lemuel_doored_altar, ecumenical_altar_1,
          nicolae_ru_the_path_less_chosen
D:3:      first_bread, uniq_natasha, uniq_robin
D:4:      elyvilon_altar_4
D:5:      old_standard_altar, nemelex_altar_shiori, okawaru_trees_2,
          serial_shops, shop, minmay_tree_intersection, uniq_blork_the_orc,
          uniq_prince_ribbit1
D:6:      nicolae_overflow_hidden_temple, serial_shops, kennysheep_mini, shop,
          shop, serial_bayou_lake_a
D:7:      lemuel_coloured_pillars_altar, basic_altar
D:8:      vehumet_crystals, lemuel_crystal_altar
D:9:      nicolae_overflow_crystal_walls, grunt_qazlal_clouds,
          lemuel_crystal_altar
D:10:     erik_lair_dragon, basic_altar, uniq_harold
D:11:     serial_ice, serial_ice_i, serial_ice_h, serial_ice_n, serial_ice_e,
          portal_ice_cave_rime, grunt_tengu_nest
Temple:   cyrus_temple_forest

Skill      XL: |  1  2  3  4  5  6  7  8  9 10 |
---------------+-------------------------------+-----
Stealth        | 3 4 |  4.5
Slings         | 1 2 3 |  3.0
Spellcasting   | 4 5 6 7 |  7.4
Conjurations   | 2 3 4 5 6 |  6.0
Summonings     | 2 3 4 5 6 |  6.0
Translocations | 2 3 4 5 |  5.2
Fighting       | 1 2 |  2.1
Poison Magic   | 3 |  3.4
Polearms       | 2 3 4 |  4.3
Dodging        | 3 4 |  4.2
Air Magic      | 2 3 |  3.8
Throwing       | |  0.2

Action                   |  1- 3 |  4- 6 |  7- 9 | 10-12 || total
-------------------------+-------+-------+-------+-------++-------
Melee: Hunting sling     |    21 |    33 |     9 |       ||    63
       Constrict         |     1 |    11 |    17 |     1 ||    30
       Tentacles         |     1 |     7 |    14 |     3 ||    25
       Trident           |       |       |   138 |    61 ||   199
 Fire: Hunting sling     |    21 |    67 |    16 |       ||   104
Throw: Tomahawk          |       |       |     3 |     2 ||     5
 Cast: Magic Dart        |    19 |    67 |    70 |     8 ||   164
       Call Imp          |     4 |    61 |    75 |    37 ||   177
       Blink             |       |     7 |    13 |    13 ||    33
       Mephitic Cloud    |       |       |       |     4 ||     4
Invok: Vestment of Thorn |       |       |       |     1 ||     1
Evoke: Wand              |       |       |       |     2 ||     2
 Stab: Distracted        |       |     1 |       |     1 ||     2
       Sleeping          |       |       |     5 |       ||     5
       Confused          |       |       |       |     1 ||     1
  Eat: Chunk             |     2 |    11 |    13 |     4 ||    30
       Pizza             |       |       |     2 |       ||     2
       Meat ration       |       |       |     1 |       ||     1
Armor: Skin              |     3 |     5 |    20 |     5 ||    33
Dodge: Dodged            |     5 |    52 |    74 |    26 ||   157
